 Dungeon Crawl Stone Soup version 0.18-a0-455-gc7d4c65 (webtiles) character file.

790 M4edhros the Covert (level 7, 0/43 HPs)
             Began as an Octopode Artificer on Dec 2, 2015.
             Killed by divine providence
             ... invoked by an orc priest
              (13 damage)
             ... on level 5 of the Dungeon.
             The game lasted 00:05:01 (3216 turns).

M4edhros the Covert (Octopode Artificer)            Turns: 3216, Time: 00:05:01

Health: 0/43       AC:  3    Str: 12    XL:     7   Next: 87%
Magic:  13/13      EV: 11    Int: 16    God:
Gold:   179        SH:  5    Dex: 13    Spells: 0 memorised, 6 levels left

rFire  . . .     SeeInvis .     p - +1 rapier (venom)
rCold  . . .     Clarity  .     s - +0 buckler
rNeg   . . .     SustAt   .     (helmet restricted)
rPois  .         Gourm    .     j - amulet of faith
rElec  .         Spirit   .     (no ring)
rCorr  .         Dsmss    .     (no ring)
rMut   .         Stasis   .     (no ring)
MR     .....                    (no ring)
Stlth  +++++.....               (no ring)
                                (no ring)
                                (no ring)
                                (no ring)

@: not resistant to hostile enchantments, quite stealthy
A: almost no armour, amphibious, 8 rings, constrict 8, large bone plates 1,
camouflage 1, blink, high mp 1, spit poison 1, strong 1, gelatinous body 1
a: Spit Poison, Blink


You were on level 5 of the Dungeon.
You were not hungry.

You visited 1 branch of the dungeon, and saw 5 of its levels.

You collected 179 gold pieces.

Inventory:

Hand Weapons
 a - a +0 short sword
 p - a +1 rapier of venom (weapon)
Missiles
 n - 85 stones (quivered)
 w - 13 sling bullets of frost
Armour
 s - a +0 buckler (worn)
Jewellery
 j - an amulet of faith (around mantle)
Wands
 b - a wand of flame (4)
 c - a wand of enslavement (11)
 d - a wand of random effects (9)
Scrolls
 g - a scroll of teleportation {unknown}
 h - a scroll of remove curse {unknown}
 l - a scroll of blinking {unknown}
 m - 2 scrolls of magic mapping {unknown}
 o - a scroll of recharging {unknown}
 r - 2 scrolls of identify {unknown}
 t - a scroll of enchant weapon {unknown}
 u - a scroll of enchant armour {unknown}
 x - a scroll of noise {unknown}
Potions
 i - 2 potions of might {unknown}
 k - 4 potions of curing
 z - a potion of heal wounds {unknown}
 A - a potion of degeneration {unknown}
Books
 q - a book of Geomancy

   Spells                             Type                      Level
   a - Sandblast                      Earth                        1
   b - Stoneskin                      Transmutation/Earth          2
   c - Passwall                       Transmutation/Earth          3
   d - Stone Arrow                    Conjuration/Earth            3
   e - Petrify                        Transmutation/Earth          4
   f - Lee's Rapid Deconstruction     Earth                        5
 v - the Guide on Ghastly Displacement
   (You found it on level 4 of the Dungeon)

   Spells                             Type                      Level
   a - Apportation                    Translocation                1
   b - Gell's Gravitas                Hexes/Translocation          3
   c - Warp Weapon                    Charms/Translocation         5
   d - Bolt of Draining               Conjuration/Necromancy       5
   e - Cigotuvi's Embrace             Necromancy                   5
Comestibles
 e - 3 bread rations
 f - 4 slices of pizza
 B - a meat ration
 C - a chunk of flesh


   Skills:
 - Level 1.0 Fighting
 - Level 1.0 Short Blades
 - Level 2.0 Dodging
 + Level 8.7 Stealth
 + Level 7.3 Evocations


You had 6 spell levels left.
You didn't know any spells.

Dungeon Overview and Level Annotations

Branches:
Dungeon (5/15)
 Temple: D:4-7

Altars:
Makhleb
Vehumet
Zin

Annotations:
D:5 Prince Ribbit


Innate Abilities, Weirdness & Mutations

You cannot wear most types of armour.
You are amphibious.
You can wear up to eight rings at the same time.
You can use your tentacles to constrict eight enemies at once.
Your skin changes colour to match your surroundings (Stealth).
Your rubbery body absorbs attacks (AC +1).
You are partially covered in large bone plates (AC +2, SH +2).
You can translocate small distances at will.
You have an increased reservoir of magic (+10% MP).
You can spit weak poison.
Your muscles are strong. (Str +2)


Message History

Unknown command.
Evoke which item? (* to show all) (? for menu, Esc to quit)
Zapping:
c - a wand of enslavement (12)
Press: ? - help, Shift-Dir - straight line, f/p - orc wizard
Aim: an orc wizard, wielding a dagger and wearing a robe (heavily wounded, chance to defeat MR: 62%)
The orc wizard is charmed.
This wand has 11 charges left.
The giant gecko bites you but does no damage.
The scorpion stings your orc wizard! The giant gecko bites you.
* * * LOW HITPOINT WARNING * * *
The scorpion closely misses your orc wizard.
The giant gecko bites you.
* * * LOW HITPOINT WARNING * * *
The giant gecko bites your orc wizard.
Your orc wizard dies!
The giant gecko looks stronger.
Drink which item? (? for menu, Esc to quit)
It was a potion of curing.
You feel better.
The orc priest invokes the aid of Beogh against you.
Something smites you!
You die...

#.#...#......#.# ..
..#.........#.#.....
.##.#........#..#.#
............o....
##..#.....# #..#
#?..#....o###...#
#####...#.....l....#
..............s)..##
####..$##...####@.#
..##.#.##...# #..#
#....#.##...# #....
##..........###...##..
.#...#............. .#
.................#..
.#
..##................ .
.....####............
.8..P............


You could see a scorpion, an orc priest and a giant gecko.

Vanquished Creatures
  The ghost of M4edhros the Sneak, an amateur OpAr (D:5)
  An ogre (D:4)
  2 sky beasts (D:5)
  A giant frog (D:4)
  A centaur zombie (D:5)
  2 orc wizards (D:4)
  An orc priest (D:4)
  2 worker ants (D:4)
  An iguana (D:5)
  3 adders
  A shadow imp (D:5)
  A giant gecko (D:3)
  6 orcs
  2 giant cockroaches
  4 hobgoblins
  8 jackals
  2 kobolds
  2 quokkas
  A ball python (D:1)
  3 bats
  A giant gecko skeleton (D:5)
  4 giant newts
  4 goblins
  A quokka skeleton (D:5)
  A quokka zombie (D:5)
  2 rats (D:3)
58 creatures vanquished.

Vanquished Creatures (others)
  An orc wizard (D:5)
1 creature vanquished.

Grand Total: 59 creatures vanquished

Notes
Turn   | Place    | Note
--------------------------------------------------------------
     0 | D:1      | M4edhros the Octopode Artificer began the quest for the Orb.
     0 | D:1      | Reached XP level 1. HP: 13/13 MP: 3/3
   217 | D:1      | Reached XP level 2. HP: 18/18 MP: 4/4
   520 | D:3      | Reached XP level 3. HP: 23/23 MP: 5/5
   699 | D:3      | Reached skill level 4 in Evocations
   956 | D:4      | Reached XP level 4. HP: 12/28 MP: 7/7
  1255 | D:4      | Identified the Guide on Ghastly Displacement
  1334 | D:4      | Noticed a giant frog
  1344 | D:4      | Killed a giant frog
  1344 | D:4      | Reached skill level 5 in Stealth
  1344 | D:4      | Reached skill level 5 in Evocations
  1344 | D:4      | Reached XP level 5. HP: 11/33 MP: 8/8
  1681 | D:4      | Found a burning altar of Makhleb.
  2239 | D:4      | Reached XP level 6. HP: 36/38 MP: 10/10
  2303 | D:4      | Found a radiant altar of Vehumet.
  2303 | D:4      | Found a glowing silver altar of Zin.
  2324 | D:4      | Reached skill level 6 in Stealth
  2615 | D:5      | Entered Level 5 of the Dungeon
  2686 | D:5      | Reached skill level 7 in Stealth
  2686 | D:5      | Reached XP level 7. HP: 27/43 MP: 11/11
  2690 | D:5      | Gained mutation: Your muscles are strong. (Str +2) [mutagenic meat]
  2691 | D:5      | Noticed M4edhros's ghost (amateur OpAr)
  2691 | D:5      | Gained mutation: You can translocate small distances at will. [mutagenic meat]
  2806 | D:5      | Killed M4edhros's ghost
  2806 | D:5      | Reached skill level 8 in Stealth
  2949 | D:5      | Noticed Prince Ribbit
  2970 | D:5      | Gained mutation: You have an increased reservoir of magic (+10% MP). [mutagenic meat]
  2972 | D:5      | Gained mutation: You are partially covered in large bone plates (AC +2, SH +2). [mutagenic meat]
  2973 | D:5      | Gained mutation: You can spit weak poison. [mutagenic meat]
  3214 | D:5      | HP: 2/43 [giant gecko (4)]
  3216 | D:5      | Killed from afar by an orc priest

Vault maps used:
D:1:      mrwooster_arrival_statue_2
D:2:      first_bread, uniq_terence, uniq_natasha
D:3:      nicolae_overflow_hidden_temple, nicolae_gozag_seed_capital
D:4:      lemuel_crystal_altar, gammafunk_temple_overflow_elements
D:5:      serial_undead, serial_undead_c, serial_undead_a, serial_undead_b,
          serial_undead_e, minmay_misc_feat_plants, minmay_misc_feat_ornament,
          uniq_prince_ribbit1

Action                   |  1- 3 |  4- 6 |  7- 9 || total
-------------------------+-------+-------+-------++-------
Melee: Short sword       |    31 |       |       ||    31
       Rapier            |    25 |    42 |    21 ||    88
Evoke: Wand              |       |     5 |    16 ||    21
  Use: Potion            |       |       |     1 ||     1
 Stab: Sleeping          |     5 |     4 |     2 ||    11
       Distracted        |       |       |     1 ||     1
       Paralysed         |       |       |     1 ||     1
  Eat: Chunk             |       |     5 |     8 ||    13
